 Dungeon Crawl Stone Soup version 0.31-a0-875-g02e7d12df6 (webtiles) character file.

Game seed: 9124545682469196227

54 Azuregosa the Trooper (level 3, -1/25 (31) HPs)
             Began as a Demonspawn Wanderer on Oct 12, 2023.
             Was a Follower of Vehumet.
             Slain by Terence
             ... wielding a +1 mace of draining
              (3 damage)
             ... on level 2 of the Dungeon.
             The game lasted 00:05:07 (1341 turns).

Azuregosa the Trooper (Demonspawn Wanderer)         Turns: 1341, Time: 00:05:08

HP:   -1/25 (31)    AC:  6    Str: 13    XL:     3   Next: 66%
MP:   6/6           EV: 11    Int: 14    God:    Vehumet [*.....]
Gold: 70            SH:  0    Dex: 12    Spells: 6/7 levels left

rFire   . . .        a - +3 mace
rCold   . . .        (no shield)
rNeg    . . .        c - +0 leather armour
rPois   .            g - +2 helmet
rElec   .            (no cloak)
rCorr   .            (no gloves)
SInv    .            (no boots)
Will    .....        (no amulet)
Stlth   +            (no ring)
HPRegen 0.24/turn    (no ring)
MPRegen 0.10/turn

%: no passive effects
@: heavily drained
A: hooves 1
a: Renounce Religion


You were on level 2 of the Dungeon.
You worshipped Vehumet.
Vehumet was aware of your devotion.
You visited 1 branch of the dungeon, and saw 3 of its levels.

You collected 70 gold pieces.

Inventory:

Hand Weapons
 a - a +3 mace (weapon)
 h - a +2 dagger of venom
Armour
 c - a +0 leather armour (worn)
 f - a +0 ring mail
 g - a +2 helmet (worn)
Jewellery
 m - a ring of poison resistance
Scrolls
 d - a scroll of vulnerability {unknown}
 i - a scroll of acquirement {unknown}
 k - a scroll of identify {unknown}
 l - a scroll of poison {unknown}
Potions
 b - 2 potions of attraction
 e - a potion of haste {unknown}
 j - 2 potions of heal wounds {unknown}


   Skills:
 + Level 4.3 Fighting
 + Level 3.1 Maces & Flails
 + Level 1.2 Armour
 - Level 1.0 Dodging
 + Level 2.5 Spellcasting


You had 6 spell levels left.
You knew the following spells:

 Your Spells              Type           Power      Damage    Failure   Level
a - Sandblast             Erth           2%         2d4       28%         1

Your spell library contained the following spells:

 Spells                   Type           Power      Damage    Failure   Level
 Kiss of Death            Conj/Necr      4%         2d5       28%         1
 Stone Arrow              Conj/Erth      2%         3d7       65%         3


Dungeon Overview and Level Annotations

Branches:
Dungeon (3/15)

Altars:
Vehumet

Annotations:
D:2 Terence


Innate Abilities, Weirdness & Mutations

You have large cloven feet.


Message History

a +0 short sword; 4 stones; a kobold corpse HP restored.
Terence the Incautious comes into view.
He is wielding a +1 mace of draining.
Terence shouts!
Terence closely misses you.
You barely miss Terence. You kick Terence.
Terence is lightly wounded.
Terence hits you with a +1 mace of draining.
You feel drained.
You completely miss Terence.
Terence is lightly wounded.
Terence hits you with a +1 mace of draining.
You feel drained.
You sock Terence!
Terence is heavily wounded.
Terence completely misses you. Terence closely misses you.
You completely miss Terence. You kick Terence, but do no damage.
Terence is heavily wounded.
Terence hits you with a +1 mace of draining!
You feel drained.
* * * LOW HITPOINT WARNING * * *
You barely miss Terence.
Terence is heavily wounded.
Terence closely misses you.
You barely miss Terence.
Terence is heavily wounded.
Terence barely misses you.
You hit Terence.
Terence is heavily wounded.
Terence hits you with a +1 mace of draining.
* * * LOW HITPOINT WARNING * * *
You feel drained.
* * * LOW HITPOINT WARNING * * *
Terence hits you but does no damage.
You feel drained.
You hit Terence but do no damage.
Terence is heavily wounded.
Terence misses you. Terence attacks as he pursues you!
Terence hits you with a +1 mace of draining.
You die...

#. .. .# # ## ###
.##.# .# #.. ##....
.####.# #+# ##..#
...##.# #.# #..#
....#.# #.# ##@#....#
....#.#####.#
#@.#.####
.....†......####.##.#
...#...###.......# .#
...###.###.#####.# .#
#### #..##.#####.# .#
#.........#.##...
#....####........
#....'>.....###..
#....####.###


You could see Terence.

Vanquished Creatures
  An adder (D:2)
  2 dart slugs (D:1)
  2 ball pythons
  3 bats
  4 endoplasms
  2 giant cockroaches
  2 hobgoblins
  2 jackals (D:1)
  A quokka (D:1)
  4 frilled lizards
  3 goblins (D:1)
  8 kobolds
  6 rats
40 creatures vanquished.

Notes
Turn   | Place    | Note
-------+----------+-------------------------------------------
     0 | D:1      | Azuregosa the Demonspawn Wanderer began the quest for the
                  | Orb.
     0 | D:1      | Azuregosa set off with the following items: a +3 mace, a
                  | potion of attraction, a +0 leather armour; and the
                  | following spell memorised: Sandblast; and the following
                  | spells available to memorise: Stone Arrow.
     0 | D:1      | Reached XP level 1. HP: 19/19 MP: 3/3
    58 | D:1      | Discovered your monstrous ancestry.
    58 | D:1      | Gained mutation: You have large cloven feet. [demonic
                  | ancestry]
    58 | D:1      | Reached XP level 2. HP: 22/25 MP: 5/5
   335 | D:1      | Found a faded altar of an unknown god.
   342 | D:1      | Prayed at the altar of an unknown god.
   342 | D:1      | Became a worshipper of Vehumet
   342 | D:1      | Reached * piety under Vehumet
   342 | D:1      | Offered knowledge of Kiss of Death by Vehumet.
   388 | D:1      | Reached skill level 1 in Armour
   441 | D:1      | Reached XP level 3. HP: 28/30 MP: 6/6
  1330 | D:2      | Noticed Terence
  1341 | D:2      | Slain by Terence

Illustrated notes

Levels and vault maps discovered:
D:1:      dpeg_arrival_pits, layout_basic,
          hellmonk_ecumenical_altar_slurped_away, roderic_roman_lattice
D:2:      layout_basic, minmay_close_crescents, uniq_terence
D:3:      layout_basic, makhleb_altar_promises_db, lemuel_tele_altar

Skill      XL: |  1  2 |
---------------+-------+-----
Maces & Flails | 3 |  3.1
Armour         | 1 |  1.2
Fighting       | |  4.3
Dodging        | |  1.0
Spellcasting   | |  2.5

Action                     || total
---------------------------++-------
  Melee: Mace              ||    99
         Kick              ||    18
         Punch             ||     1
   Cast: Sandblast         ||     1
 Armour: Leather armour    ||    65
         Ring mail         ||     9
  Dodge: Dodged            ||    63

Table legend: (Time is in decaauts)
 A = Elapsed time spent in this place.
 B = Non-inter-level travel time spent in this place.
 C = Inter-level travel time spent in this place.
 D = Time resting spent in this place.
 E = Time spent auto-exploring this place.
 F = Levels seen in this place.
 G = Mean time per level.
                   A        B        C        D        E       F      G
               +--------+--------+--------+--------+--------+-----+--------+
         Total |   1367 |   1367 |      0 |     74 |    855 |   3 |  455.7 |
       Dungeon |   1367 |   1367 |      0 |     74 |    855 |   3 |  455.7 |
               +--------+--------+--------+--------+--------+-----+--------+

Top non-repeatable levels by time:
     D:1: 1110 daAuts
     D:2: 255 daAuts
     D:3: 1 daAuts
